 Dungeon Crawl Stone Soup version 0.17-a0-1194-gc654e57 (webtiles) character file.

1897 Solfyre the Fighter (level 8, 0/79 HPs)
             Began as a Minotaur Berserker on June 2, 2015.
             Was a High Priest of Trog.
             Slain by an orc warrior
             ... wielding a +0 trident
              (9 damage)
             ... in a bailey.
             The game lasted 01:03:18 (6660 turns).

Solfyre the Fighter (Minotaur Berserker)            Turns: 6660, Time: 01:03:18

Health: 0/79       AC: 14    Str: 25    XL:     8   Next: 93%
Magic:  2/2        EV:  7    Int:  4    God:    Trog [*****.]
Gold:   288        SH:  2    Dex:  9    Spells: 0 memorised, 7 levels left

rFire  . . .     SeeInvis .     H - +5 demon whip "Spellbinder" {antimagic, MR+}
rCold  . . .     Clarity  .     q - +0 plate armour
rNeg   . . .     SustAt   .     G - +0 buckler
rPois  .         Gourm    .     (helmet restricted)
rElec  .         Spirit   .     (no cloak)
rCorr  .         Warding  .     I - +0 pair of gloves
rMut   .         Stasis   .     (no boots)
MR     +....                    (no amulet)
Stlth  ..........               (no ring)
                                (no ring)

@: exhausted, slowed, very slow, somewhat resistant to hostile enchantments,
extremely unstealthy
A: retaliatory headbutt, horns 2
a: Burn Spellbooks, Berserk, Trog's Hand, Brothers in Arms, Renounce Religion


You were in a bailey.
You worshipped Trog.
Trog was extremely pleased with you.
You were very hungry.

You visited 1 branch of the dungeon, and saw 8 of its levels.
You also visited: Bailey.

You collected 425 gold pieces.
You spent 137 gold pieces at shops.

Inventory:

Hand weapons
 k - a +2 longbow of freezing
 y - a +2 dagger of venom
 z - a +3 quarterstaff of chaos
 A - a +2 short sword of draining
 H - the +5 demon whip "Spellbinder" (weapon) {antimagic, MR+}
   (You found it on level 4 of the Dungeon)

   It disrupts the flow of magical energy around spellcasters and certain
   magical creatures (including the wielder).
   It affects your resistance to hostile enchantments.
 L - a -2 executioner's axe
 O - a +0 war axe of chopping
 Z - a +2 vampiric war axe
Missiles
 e - 20 arrows of dispersal
 i - 39 bolts
 j - 8 bolts of frost
 r - 37 sling bullets
Armour
 q - a +0 plate armour (worn)
 B - a +1 cloak of invisibility
 C - a +1 animal skin
 G - a +0 buckler (worn)
 I - a +0 pair of gloves (worn)
Magical staves
 a - an uncursed staff of summoning {unknown}
 F - an uncursed staff of wizardry {unknown}
Jewellery
 P - an uncursed amulet of regeneration
 S - an uncursed amulet of guardian spirit
Magical devices
 x - a wand of confusion (23)
 M - a wand of random effects (21)
Scrolls
 f - 4 scrolls of recharging {unknown}
 m - a scroll of random uselessness {unknown}
 s - 3 scrolls of magic mapping {unknown}
 t - a scroll of teleportation {unknown}
 u - 2 scrolls of immolation {unknown}
 D - a scroll of fog {unknown}
 E - 3 scrolls of remove curse
 J - 2 scrolls of blinking {unknown}
 T - a scroll of enchant weapon
 U - 2 scrolls of noise {unknown}
 W - a scroll of enchant armour {unknown}
Potions
 b - a potion of ambrosia {unknown}
 d - 5 potions of curing
 g - 2 potions of cure mutation
 n - 2 potions of mutation
 p - a potion of lignification
 w - a potion of degeneration {unknown}
 K - a potion of resistance {unknown}
 Q - a potion of might {unknown}
 R - a potion of beneficial mutation {unknown}
 Y - 2 potions of cancellation
Comestibles
 c - 3 bread rations
 h - a fruit
 l - a beef jerky
 N - 4 meat rations


   Skills:
 * Level 10.2 Fighting
 - Level 5.7(5.9) Axes
 - Level 1.6(4.0) Maces & Flails
 + Level 8.0 Armour
 + Level 4.3 Dodging


You had 7 spell levels left.
You didn't know any spells.

Dungeon Overview and Level Annotations

Branches:
Dungeon (8/15)             Temple (0/1) D:5
   Lair: D:8-11

Altars:
Gozag

Shops:
D:5 *   D:7 *

Annotations:
Abyss:1 Eustachio


Innate Abilities, Weirdness & Mutations

You reflexively headbutt those who attack you in melee.
You have a pair of horns on your head.


Message History

Your ogre hits the orc knight with a giant club!!
The orc warrior hits your ogre with a trident!
You block the orc knight's attack.
Your ogre barely misses the orc knight.
The orc warrior hits you but does no damage.
This weapon is vampiric, and you must be Full or above to equip it.
You don't know any spells.
Zapping:
x - a wand of confusion (will waste charges)
Press: ? - help, Shift-Dir - straight line, f - orc warrior
Aim: an orc warrior, wielding a trident and wearing a ring mail (consumed by blood-lust, chance to defeat MR: 46%)
The orc warrior resists with some effort.
Evoking this partially-identified wand wasted a few charges.
The orc warrior hits you from afar with a trident.
* * * LOW HITPOINT WARNING * * *
The orc warrior hits you but does no damage.
Read which item? (? for menu, Esc to quit)
As you read the scroll labeled VOL SIECAONAR, it crumbles to dust.
You feel as if something is helping you.
It was a scroll of remove curse.
The orc warrior hits you with a trident!
You die...

##.....##.........
##..#'''##.........
#..##oO∩##.(##(....
#.####o####.##.....
#.')#oo.#)'.##(....
#o###.8.###.##.(...
#.')#}.:#)'.##.....
#o#########.##...(.
#.@##)#)##..#......
##..#'#'#..##......
##.......##.......
#########....≈≈≈≈
.....≈≈#o#
.....≈##.#
....≈..^o ...≈##.#
≈≈#o#


You could see 2 orc warriors.

Vanquished Creatures
  A phantom (D:4)
  2 ice beasts
  A sky beast (D:7)
  3 orc warriors
  2 centaurs
  A giant frog (D:6)
  7 scorpions
  4 crimson imps
  Crazy Yiuf (D:3)
  An orc priest (D:7)
  An orc wizard (D:6)
  2 hounds
  3 worker ants
  Robin (D:3)
  8 adders
  3 gnolls (D:3)
  2 shadow imps
  An ooze (D:4)
  3 worms
  4 giant geckos
  15 orcs
  A bat skeleton (D:6)
  A bat zombie (D:6)
  A giant cockroach (D:3)
  24 goblins
  15 hobgoblins
  11 kobolds
  3 ball pythons
  17 bats
  7 giant newts
  11 jackals
  6 quokkas
  9 rats
172 creatures vanquished.

Vanquished Creatures (others)
  An ogre (Bailey)
1 creature vanquished.

Grand Total: 173 creatures vanquished

Notes
Turn   | Place    | Note
--------------------------------------------------------------
     0 | D:1      | Solfyre the Minotaur Berserker began the quest for the Orb.
     0 | D:1      | Reached XP level 1. HP: 19/19 MP: 0/0
   116 | D:1      | Reached skill level 4 in Fighting
   147 | D:1      | Reached XP level 2. HP: 18/27 MP: 1/1
   643 | D:1      | Acquired Trog's second power
   745 | D:2      | Reached XP level 3. HP: 23/33 MP: 2/2
  1509 | D:2      | Reached XP level 4. HP: 41/41 MP: 3/3
  1946 | D:3      | Reached skill level 5 in Fighting
  2210 | D:3      | Noticed Robin
  2221 | D:3      | Noticed Crazy Yiuf
  2225 | D:3      | Reached XP level 5. HP: 48/48 MP: 4/4
  2240 | D:3      | Killed Robin
  2246 | D:3      | Paralysed by Crazy Yiuf for 3 turns
  2249 | D:3      | Killed Crazy Yiuf
  2249 | D:3      | Reached skill level 5 in Axes
  2709 | D:3      | Noticed a scorpion
  2713 | D:3      | Killed a scorpion
  2713 | D:3      | Reached skill level 6 in Fighting
  2713 | D:3      | Reached XP level 6. HP: 57/57 MP: 5/5
  3384 | D:5      | Entered Level 5 of the Dungeon
  3384 | D:5      | Found Gozag's Platinum Reserve.
  3384 | D:5      | Found an opulent altar of Gozag.
  3417 | D:5      | Acquired Trog's third power
  3692 | D:5      | Found a staircase to the Ecumenical Temple.
  3724 | D:5      | Reached XP level 7. HP: 64/64 MP: 2/6
  3917 | D:5      | Reached skill level 7 in Fighting
  3917 | D:5      | Reached skill level 1 in Maces & Flails
  4277 | D:6      | Reached skill level 5 in Armour
  4640 | D:6      | Reached skill level 8 in Fighting
  4820 | D:6      | Noticed Eustachio
  4854 | D:6      | Banished Eustachio
  4854 | D:6      | Reached XP level 8. HP: 70/75 MP: 2/7
  5080 | D:7      | Found Lisuaxey's General Store.
  5087 | D:7      | Bought a scroll of enchant weapon for 82 gold pieces
  5087 | D:7      | Bought a potion of heal wounds for 55 gold pieces
  5206 | D:7      | Reached skill level 9 in Fighting
  5245 | D:7      | Got an aquamarine-encrusted ring mail
  5301 | D:7      | Identified the cursed +1 ring mail of Patterns {Int+2} (You found it on level 7 of the Dungeon)
  5911 | D:8      | Found a flagged portal.
  5942 | Bailey   | Entered a bailey
  6145 | Bailey   | Received a gift from Trog
  6162 | Bailey   | Reached skill level 10 in Fighting
  6639 | Bailey   | Noticed an orc knight
  6660 | Bailey   | Slain by an orc warrior

Vault maps used:
D:1:      sevenhm_arrival_forest_fort_small_3
D:2:      minmay_bad_closet
D:3:      first_bread, uniq_crazy_yiuf_cottage, uniq_robin
D:5:      nicolae_gozag_zags_fifth_avenue, minmay_temple_entry_steel_oval
D:6:      uniq_eustachio
D:7:      old_forge, serial_shops, shop
D:8:      enter_bailey_3, grunt_livestock, elyvilon_altar_1
Bailey:   bailey_polearm_2, bailey

Action                   |  1- 3 |  4- 6 |  7- 9 || total
-------------------------+-------+-------+-------++-------
Melee: Hand axe          |   108 |   137 |       ||   245
       Demon whip        |       |    26 |   176 ||   202
Invok: Burn Spellbooks   |       |       |     1 ||     1
       Berserk           |       |       |     1 ||     1
       Brothers in Arms  |       |       |     1 ||     1
Evoke: Wand              |       |       |     1 ||     1
  Use: Scroll            |       |       |     8 ||     8
       Potion            |       |       |     1 ||     1
  Eat: Chunk             |     2 |     8 |     8 ||    18
       Fruit             |       |       |     1 ||     1
